 Dungeon Crawl Stone Soup version 0.23.2-40-g277498a001 (webtiles) character file.

Game seed: 11277434249728760719

272 FishyPogo the Stinger (level 6, 0/41 HPs)
             Began as a Demonspawn Venom Mage on Aug 18, 2019.
             Succumbed to Sigmund's poison
             ... on level 3 of the Dungeon.
             The game lasted 00:07:15 (2438 turns).

FishyPogo the Stinger (Demonspawn Venom Mage)       Turns: 2438, Time: 00:07:15

Health: 0/41       AC:  6    Str:  9    XL:     6   Next: 2%
Magic:  0/10       EV: 12    Int: 18    God:
Gold:   134        SH:  0    Dex: 13    Spells: 8/11 levels left

rFire    . . .     SeeInvis .   a - +1 dagger (elec)
rCold    . . .     Gourm    +   (no shield)
rNeg     . . .     Faith    .   k - +0 robe
rPois    .         Spirit   .   (helmet restricted)
rElec    +         Reflect  .   n - +0 cloak
rCorr    .         Harm     .   (no gloves)
MR       .....                  (no boots)
Stlth    ++........             o - amulet of the gourmand
HPRegen  0.13/turn              (no ring)
MPRegen  0.12/turn              (no ring)

@: lethally poisoned (0 -> -11), hasted, very quick
A: horns 1, talons 1, thin metallic scales 2, electricity resistance
a: no special abilities


You were on level 3 of the Dungeon.
You were not hungry.

You visited 1 branch of the dungeon, and saw 3 of its levels.

You collected 134 gold pieces.

Inventory:

Hand Weapons
 a - a +1 dagger of electrocution (weapon)
Missiles
 g - 72 stones (quivered)
Armour
 k - a +0 robe (worn)
 n - a +0 cloak (worn)
Jewellery
 o - an amulet of the gourmand (around neck)
Scrolls
 e - a scroll of amnesia {unknown}
 f - 4 scrolls of remove curse {unknown}
 h - a scroll of blinking {unknown}
 i - 3 scrolls of identify {unknown}
Potions
 b - a potion of cancellation {unknown}
 j - a potion of might {unknown}
Comestibles
 c - a ration
 m - 2 chunks of flesh


   Skills:
 - Level 2.0 Dodging
 - Level 2.0 Stealth
 + Level 3.1 Spellcasting
 * Level 3.6 Conjurations
 * Level 4.7 Poison Magic


You had 8 spell levels left.
You knew the following spells:

 Your Spells              Type           Power        Failure   Level  Hunger
a - Sting                 Conj/Pois      ###.         2%          1    None
b - Poisonous Vapours     Pois/Air       ##....       10%         2    ##.....

Your spell library contained the following spells:

 Spells                   Type           Power        Failure   Level  Hunger
 Mephitic Cloud           Conj/Pois/Air  ##......     16%         3    ###....
 Olgreb's Toxic Radiance  Pois           ###.....     22%         4    ####...
 Venom Bolt               Conj/Pois      ###.......   61%         5    ######.


Dungeon Overview and Level Annotations

Branches:
Dungeon (3/15)

Altars:


Innate Abilities, Weirdness & Mutations

You have sharp toenails.
You are mostly covered in thin metallic scales. (AC +3)
You have a pair of small horns on your head.
You are resistant to electric shocks. (rElec)


Message History

You have reached level 5!
Your demonic ancestry asserts itself...
Thin metallic scales spread over more of your body.
You have reached level 6!
Your experience leads to an increase in your attributes!
Increase (S)trength, (I)ntelligence, or (D)exterity?
You feel clever.
Casting: Sting (safe; 2% risk of failure)
Confirm with . or Enter, or press ? or * to list all spells.
Aiming: Sting (safe; 2% risk of failure)
Press: ? - help, Shift-Dir - straight line, f - goblin
Aim: a goblin, wielding a +0 dagger The sting hits the goblin.
The goblin is severely wounded.
* * * LOW HITPOINT WARNING * * *
You feel sick.
* * * LOW HITPOINT WARNING * * *
You feel sick.
It was a potion of haste.
You feel yourself speed up.
You die...

..## #............##
#..###..........#..#.#
##...#......)........#
....<...(........#.#.#
.....................#
................##...##
........÷..............
......>............####
................@>.###
.............[.......#
..............g....#..#
..#..........÷######
... .............)# .
.....#........#
........##..###
........#...#
............)..S@..


You could see a goblin.

Vanquished Creatures
  Sigmund (D:3)
  A worker ant (D:2)
  4 adders
  An ooze (D:1)
  2 worms (D:2)
  A dart slug (D:1)
  3 orcs (D:3)
  3 giant cockroaches
  5 goblins
  4 hobgoblins
  2 quokkas
  A ball python (D:2)
  4 bats
  2 frilled lizards (D:2)
  5 kobolds
  7 rats
46 creatures vanquished.

Notes
Turn   | Place    | Note
-------+----------+-------------------------------------------
     0 | D:1      | FishyPogo the Demonspawn Venom Mage began the quest for the
                  | Orb.
     0 | D:1      | Reached XP level 1. HP: 13/13 MP: 3/3
   110 | D:1      | Gained mutation: You are partially covered in thin metallic
                  | scales. (AC +2) [demonic ancestry]
   110 | D:1      | Reached XP level 2. HP: 4/19 MP: 0/5
   914 | D:2      | Learned a level 2 spell: Poisonous Vapours
  1224 | D:2      | Gained mutation: You have sharp toenails. [demonic
                  | ancestry]
  1224 | D:2      | Reached XP level 3. HP: 15/24 MP: 0/6
  1400 | D:2      | Reached XP level 4. HP: 14/30 MP: 0/7
  2330 | D:3      | Reached skill level 4 in Poison Magic
  2405 | D:3      | Noticed Sigmund
  2433 | D:3      | Gained mutation: You have a pair of small horns on your
                  | head. [potion of mutation]
  2433 | D:3      | Gained mutation: You are resistant to electric shocks.
                  | (rElec) [potion of mutation]
  2435 | D:3      | Killed Sigmund
  2435 | D:3      | Gained mutation: You are mostly covered in thin metallic
                  | scales. (AC +3) [demonic ancestry]
  2435 | D:3      | Reached XP level 5. HP: 2/35 MP: 1/9
  2435 | D:3      | Reached XP level 6. HP: 2/41 MP: 1/10
  2436 | D:3      | HP: 2/41 [poisoned by Sigmund]
  2438 | D:3      | Succumbed to Sigmund's poison

Skill      XL: |  1  2  3  4 |
---------------+-------------+-----
Dodging        | 2 |  2.0
Stealth        | 2 |  2.0
Conjurations   | 2 3 |  3.6
Poison Magic   | 4 |  4.7
Spellcasting   | 3 |  3.1

Action                   |  1- 3 |  4- 6 || total
-------------------------+-------+-------++-------
Melee: Club              |    19 |       ||    19
       Dagger            |    32 |    18 ||    50
       Spear             |     6 |       ||     6
       Kick              |       |     4 ||     4
 Cast: Sting             |    50 |    26 ||    76
       Poisonous Vapours |     1 |     5 ||     6
  Use: Potion            |       |     2 ||     2
 Stab: Sleeping          |     1 |     1 ||     2
  Eat: Chunk             |     2 |     4 ||     6
Armor: Robe              |    20 |     3 ||    23
Dodge: Dodged            |    32 |    10 ||    42
